 Dungeon Crawl Stone Soup version 0.29-a0-43-g62a80824bf (webtiles) character file.

Game seed: 9786299911803813290

1504 siradein the Charlatan (level 8, 0/70 HPs)
             Began as a Purple Draconian Artificer on Feb 3, 2022.
             Was an Initiate of Gozag.
             Succumbed to a scorpion's poison
             ... on level 6 of the Dungeon.
             The game lasted 00:16:30 (7777 turns).

siradein the Charlatan (Purple Draconian Artificer) Turns: 7777, Time: 00:16:31

Health: 0/70       AC:  8    Str: 14    XL:     8   Next: 52%
Magic:  8/8        EV: 15    Int: 13    God:    Gozag
Gold:   125        SH:  0    Dex: 19    Spells: 7/7 levels left

rFire   + . .      SeeInvis .   o - +0 great sword
rCold   + . .      Faith    .   (shield currently unavailable)
rNeg    . . .      Spirit   .   (armour unavailable)
rPois   +          Reflect  .   (helmet restricted)
rElec   +          Harm     .   (no cloak)
rCorr   +          Rampage  .   u - +0 pair of gloves
Will    ++...                   r - +0 pair of boots
Stlth   ++........              (no amulet)
HPRegen 0.21/turn               n - ring of willpower
MPRegen 0.11/turn               g - +6 ring of dexterity

@: lethally poisoned (0 -> -3), resistant, gold aura
A: breathe power, AC +6, unfitting armour, cold-blooded
a: Breathe Dispelling Energy, Renounce Religion, Potion Petition, Call Merchant,
Bribe Branch


You were on level 6 of the Dungeon.
You worshipped Gozag.
Gozag was aware of your devotion.
You visited 2 branches of the dungeon, and saw 8 of its levels.

You collected 173 gold pieces.
You paid 48 gold pieces to Gozag.

Inventory:

Hand Weapons
 o - a +0 great sword (weapon)
Missiles
 l - 5 poisoned darts
Armour
 r - a +0 pair of boots (worn)
 u - a +0 pair of gloves (worn)
Jewellery
 g - a +6 ring of dexterity (right hand)
 j - a ring of ice
 n - a ring of willpower (left hand)
Wands
 b - a wand of flame (14)
 c - a wand of charming (15)
 s - a wand of mindburst (18)
 w - a wand of iceblast (10)
Scrolls
 f - a scroll of immolation
 m - 2 scrolls of fear {unknown}
 q - 2 scrolls of enchant armour
 t - 2 scrolls of teleportation {unknown}
 v - a scroll of amnesia {unknown}
Potions
 i - 2 potions of haste
 k - a potion of flight
 p - 2 potions of might
Miscellaneous
 d - a piece from Xom's chessboard (15/15)


   Skills:
 + Level 5.8 Fighting
 + Level 5.1 Long Blades
 + Level 5.2 Dodging
 - Level 0.8 Stealth
 + Level 0.3 Spellcasting
 + Level 0.4 Hexes
 + Level 0.2 Summonings
 + Level 6.6 Evocations


You had 7 spell levels left.
You didn't know any spells.
Your spell library contained the following spells:

 Spells                   Type           Power      Damage    Failure   Level
 Summon Small Mammal      Summ           0%         N/A       26%         1
 Sublimation of Blood     Necr           0%         N/A       43%         2
 Wereblood                Tmut           0%         N/A       43%         2
 Summon Guardian Golem    Hex/Summ       1%         N/A       61%         3
 Call Canine Familiar     Summ           0%         N/A       63%         3
 Conjure Flame            Conj/Fire      0%         6-21      67%         3
 Ignite Poison            Fire/Tmut/Pois 0%         N/A       67%         3
 Sticky Flame             Conj/Fire      0%         2d3       97%         4
 Summon Hydra             Summ           0%         N/A       100%        7


Dungeon Overview and Level Annotations

Branches:
Dungeon (7/15)             Temple (1/1) D:6

Altars:
Ashenzari
Cheibriados
Dithmenos
Elyvilon
Gozag
Hepliaklqana
Kikubaaqudgha
Nemelex Xobeh
Okawaru
Qazlal
Ru
Sif Muna
Trog
Uskayaw
Wu Jian
Xom
Yredelemnul
Zin
The Shining One

Shops:
D:5 (


Innate Abilities, Weirdness & Mutations

You can breathe bolts of dispelling energy.
Your rich purple scales are hard. (AC +6)
You cannot fit into any form of body armour.
You are cold-blooded and may be slowed by cold attacks.


Message History

The scorpion is heavily wounded.
You feel very sick. The scorpion stings you. x2
You are more poisoned.
The scorpion poisons you!
You hit the scorpion.
You tail-slap the scorpion, but do no damage.
The scorpion is heavily wounded.
You feel extremely sick. The scorpion stings you.
You are lethally poisoned!
The scorpion poisons you!
You slash the scorpion!
You kill the scorpion!
* * * LOW HITPOINT WARNING * * *
You feel extremely sick.
There is a lethal amount of poison in your body!
It was a potion of resistance.
You feel protected.
* * * LOW HITPOINT WARNING * * *
You feel very sick.
It was a potion of magic.
Magic courses through your body.
* * * LOW HITPOINT WARNING * * *
You feel very sick.
Okay, then.
Okay, then.
* * * LOW HITPOINT WARNING * * *
You feel very sick.
Okay, then.
* * * LOW HITPOINT WARNING * * *
You feel sick.
* * * LOW HITPOINT WARNING * * *
You feel sick.
* * * LOW HITPOINT WARNING * * *
You feel sick.
* * * LOW HITPOINT WARNING * * *
You feel sick.
There is a lethal amount of poison in your body!
You die...
Your body crumbles into a pile of gold.

.# #.....)...######...... .#
##..........#####....#.
.##########...............[..#.#.
.....................#....#......
##########.##..........####.##.#.
#.#.........### #..##.##
#.#..........# #..##.#
#.#.........$####..##.#
#.#....@.....>........##
##.#..........#####.#...#
#..##...<...### ###.##...
#.####......#####........ #.#
##..##.##.........#. #.#
#.###....#......... #.#
#.##..####......... ######.##
#.##..# #.......## ##...#...##
#.#...# ##.......#


There were no monsters in sight!

Vanquished Creatures
  Sigmund (D:3)
  Duvessa (D:5)
  2 ogres
  A black bear (D:4)
  2 phantoms
  5 scorpions
  Dowan (D:5)
  A bullfrog zombie (D:5)
  A centaur zombie (D:6)
  2 jellies (D:6)
  3 hounds
  A bullfrog skeleton (D:4)
  2 iguanas
  A centaur skeleton (D:6)
  An orc wizard (D:6)
  10 adders
  An ufetubus (D:6)
  3 dart slugs
  8 orcs (D:6)
  9 endoplasms
  3 giant cockroaches
  2 goblins
  7 hobgoblins
  3 kobolds
  3 quokkas
  3 ball pythons
  5 bats
  5 frilled lizards
  3 rats
90 creatures vanquished.

Vanquished Creatures (others)
  24 fungi (D:5)
  A plant (D:4)
  3 withered plants (D:3)
28 creatures vanquished.

Grand Total: 118 creatures vanquished

Notes
Turn   | Place    | Note
-------+----------+-------------------------------------------
     0 | D:1      | siradein the Draconian Artificer began the quest for the
                  | Orb.
     0 | D:1      | Reached XP level 1. HP: 16/16 MP: 1/1
    67 | D:1      | Found a faded altar of an unknown god.
   335 | D:1      | Reached XP level 2. HP: 14/23 MP: 2/2
   990 | D:1      | Reached skill level 1 in Long Blades
  1857 | D:2      | Reached XP level 3. HP: 20/29 MP: 3/3
  2449 | D:3      | You fall into a shaft and drop 3 floors!
  2597 | D:6      | Reached XP level 4. HP: 21/37 MP: 4/4
  2784 | D:5      | Entered Level 5 of the Dungeon
  2935 | D:4      | Noticed a black bear
  3574 | D:3      | Found a sparkling altar of Nemelex Xobeh.
  3752 | D:3      | Reached XP level 5. HP: 38/44 MP: 5/5
  3802 | D:3      | Found an ancient bone altar of Kikubaaqudgha.
  3929 | D:3      | Noticed Sigmund
  3946 | D:3      | Killed Sigmund
  3947 | D:3      | Reached skill level 4 in Evocations
  3947 | D:3      | Reached XP level 6. HP: 28/51 MP: 6/6
  4910 | D:5      | Found a white marble altar of Elyvilon.
  4985 | D:5      | Your scales start taking on a rich purple colour.
  4985 | D:5      | Reached skill level 5 in Evocations
  4985 | D:5      | Reached XP level 7. HP: 34/59 MP: 7/7
  5221 | D:5      | Found Ecoz's Antique Weapon Emporium.
  5241 | D:5      | Noticed Duvessa
  5241 | D:5      | Noticed Dowan
  5248 | D:5      | Killed Duvessa
  5253 | D:5      | Killed Dowan
  5908 | D:5      | Reached skill level 5 in Fighting
  5908 | D:5      | Reached skill level 6 in Evocations
  5908 | D:5      | Reached XP level 8. HP: 48/68 MP: 8/8
  6902 | D:6      | Reached skill level 5 in Dodging
  7121 | D:6      | Found a glowing golden altar of the Shining One.
  7306 | D:6      | Reached skill level 5 in Long Blades
  7429 | D:6      | Found a staircase to the Ecumenical Temple.
  7457 | Temple   | Entered the Ecumenical Temple
  7659 | Temple   | Became a worshipper of Gozag Ym Sagoz the Greedy
  7774 | D:6      | HP: 3/70 [poisoned by a scorpion]
  7776 | D:6      | HP: 1/70 [poisoned by a scorpion]
  7777 | D:6      | Succumbed to a scorpion's poison

Illustrated notes

Levels and vault maps discovered:
D:1:      minmay_arrival_solitary_statue, layout_basic,
          hellmonk_ecumenical_altar_blasted
D:2:      layout_loops_cross
D:3:      layout_loops_ring, general_overflow_altar, kiku_gazebo_garden_becter,
          uniq_sigmund
D:4:      layout_rooms, grunt_decor_cap, chequers_big_river
D:5:      old_forge, layout_basic, nicolae_elyvilon_peaceful_grove,
          serial_shops, nicolae_shop_statue_plus, serial_aquarium,
          aquarium_bridge_long_joined [aquarium_subvault_balcony,
          aquarium_subvault_balcony, aquarium_subvault_wall,
          aquarium_subvault_window, aquarium_subvault_bridge,
          aquarium_subvault_wall], aquarium_window_1, aquarium_window_1,
          aquarium_view_2b, aquarium_balcony_3b, uniq_duvessa
D:6:      layout_rooms, mainiacjoe_overflow_chevrons, lemuel_temple_firewalk_b,
          minmay_starry_boxes
D:7:      layout_basic
Temple:   regret_index_temple_generic_petals

Skill      XL: |  1  2  3  4  5  6  7  8 |
---------------+-------------------------+-----
Long Blades    | 1 2 3 4 5 |  5.1
Fighting       | 2 3 4 5 |  5.8
Dodging        | 3 4 5 |  5.2
Evocations     | 4 5 6 |  6.6
Stealth        | |  0.8
Spellcasting   | |  0.3
Hexes          | |  0.4
Summonings     | |  0.2

Action                   |  1- 3 |  4- 6 |  7- 9 || total
-------------------------+-------+-------+-------++-------
Melee: Short sword       |    23 |       |       ||    23
       Club              |     4 |       |       ||     4
       Tailslap          |     6 |    14 |    22 ||    42
       Mace              |    51 |     2 |       ||    53
       Great sword       |       |    99 |   127 ||   226
Throw: Dart              |       |     5 |     3 ||     8
 Abil: Breathe Dispellin |       |       |     6 ||     6
Evoke: Wand              |     1 |       |       ||     1
  Use: Scroll            |       |     7 |     1 ||     8
       Potion            |       |       |     2 ||     2
 Stab: Sleeping          |     3 |     3 |     2 ||     8
Armor: Skin              |    21 |    44 |    78 ||   143
Dodge: Dodged            |    49 |   122 |   176 ||   347

Table legend: (Time is in decaauts)
 A = Elapsed time spent in this place.
 B = Non-inter-level travel time spent in this place.
 C = Inter-level travel time spent in this place.
 D = Time resting spent in this place.
 E = Time spent auto-exploring this place.
 F = Levels seen in this place.
 G = Mean time per level.
                   A        B        C        D        E       F      G
               +--------+--------+--------+--------+--------+-----+--------+
         Total |   7933 |   7685 |    248 |    494 |   5822 |   8 |  991.6 |
       Dungeon |   7690 |   7442 |    248 |    494 |   5636 |   7 | 1098.6 |
        Temple |    242 |    242 |      0 |      0 |    186 |   1 |  242.0 |
               +--------+--------+--------+--------+--------+-----+--------+

Top non-repeatable levels by time:
     D:5: 1942 daAuts
     D:1: 1568 daAuts
     D:6: 1235 daAuts
     D:3: 1060 daAuts
     D:4: 1013 daAuts
     D:2: 857 daAuts
  Temple: 242 daAuts
     D:7: 12 daAuts
